 Dungeon Crawl Stone Soup version 0.31-a0-1576-ga3383bade6 (webtiles) character file.

Game seed: 12385152819018487247

1667043 Laraso the Bewitcher (level 27, 151/151 HPs)
             Began as a Vine Stalker Reaver on Jan 4, 2024.
             Was a High Priest of Elyvilon.
             Escaped with the Orb
             ... and 3 runes on Jan 5, 2024!
             The game lasted 04:10:23 (68032 turns).

Laraso the Bewitcher (Vine Stalker Reaver)         Turns: 68032, Time: 04:10:23

Health: 151/151    AC: 32    Str: 21    XL:     27
Magic:  36/36      EV: 32    Int: 23    God:    Elyvilon [*****.]
Gold:   3382       SH: 13    Dex: 33    Spells: 4/42 levels left

rFire   + . .        b - +9 double sword (freeze)
rCold   . . .        E - +3 buckler {rF+}
rNeg    . . .        Q - quicksilver dragon scales
rPois   .            Z - +2 helmet {Int+3}
rElec   .            t - +2 cloak of the Thief {*Fog Slay-2 SInv Stlth+}
rCorr   .            Y - +2 pair of gloves {Dex+3}
SInv    +            N - +2 pair of boots {Stlth+}
Will    ++++.        V - amulet "Iqoiwele" {Regen+ Int+2}
Stlth   +++          A - +6 ring of dexterity
HPRegen 2.05/turn    U - +6 ring of dexterity
MPRegen 0.25/turn

%: guardian spirit
@: hasted, studying 2 skills, very quick
A: fangs 3, regeneration 1, magic shield, antimagic bite, no potion heal 2,
iridescent scales 2, strong 1, MP-powered wands
0: Orb of Zot
}: 3/15 runes: decaying, serpentine, abyssal
a: Renounce Religion, Purification, Heal Other, Heal Self, Divine Vigour


You escaped.
You worshipped Elyvilon.
Elyvilon was extremely pleased with you.
You visited 10 branches of the dungeon, and saw 47 of its levels.
You visited the Abyss 2 times.
You also visited: Gauntlet, Ice Cave and Wizlab.

You collected 8626 gold pieces.
You spent 5244 gold pieces at shops.

Inventory:

Hand Weapons
 a - the +9 short sword of Eqimujaf {venom, rC+ rCorr}
   (You found it on level 5 of the Lair of Beasts)

   rC+:       It protects you from cold.
   rCorr:     It protects you from acid and corrosion.
 b - a +9 double sword of freezing (weapon)
 d - the +7 rapier of Indignation {freeze, +Blink rF+ rC- Str+2}
   (You found it on level 3 of the Elven Halls)

   Str+2:     It affects your strength (+2).
   rF+:       It protects you from fire.
   rC-:       It makes you vulnerable to cold.
   +Blink:    It lets you blink.
 n - a +3 dagger of speed
Armour
 t - the +2 cloak of the Thief (worn) {*Fog Slay-2 SInv Stlth+}
   (You bought it in a shop on level 2 of the Orcish Mines)

   *Fog:      It may release a thick cloud of smoke when the wearer is hurt.
   Slay-2:    It affects your accuracy & damage with ranged weapons and melee
   (-2).
   SInv:      It lets you see invisible.
   Stlth+:    It makes you more stealthy.
 E - a +3 buckler of fire resistance (worn)
 H - an orb of guile
 N - a +2 pair of boots of stealth (worn)
 Q - quicksilver dragon scales (worn)
 Y - a +2 pair of gloves of dexterity (worn)
 Z - a +2 helmet of intelligence (worn)
Jewellery
 p - a ring of poison resistance
 v - a ring of willpower
 A - a +6 ring of dexterity (left hand)
 C - the ring of the Irksome God {Fire Str+3}
   (You found it on level 4 of the Depths)

   [ring of fire]

   Fire:      It enhances your fire magic.
   Str+3:     It affects your strength (+3).
   rF+:       It protects you from fire.
   rC-:       It makes you vulnerable to cold.
 D - a ring of protection from cold
 T - a ring of wizardry
 U - a +6 ring of dexterity (right hand)
 V - the amulet "Iqoiwele" (around neck) {Regen+ Int+2}
   (You took it off a centaur warrior on level 11 of the Dungeon)

   [amulet of regeneration]

   Int+2:     It affects your intelligence (+2).
   Regen+:    It increases your rate of health regeneration.
Wands
 l - a wand of flame (57)
 m - a wand of digging (16)
 q - a wand of polymorph (16)
 y - a wand of light (42)
 B - a wand of iceblast (32)
 I - a wand of paralysis (48)
 R - a wand of mindburst (34)
Scrolls
 c - 8 scrolls of amnesia
 f - 5 scrolls of poison
 h - 10 scrolls of fear
 F - a scroll of summoning
 J - 5 scrolls of immolation
 K - 12 scrolls of vulnerability
 L - 17 scrolls of teleportation
 W - 4 scrolls of fog
Potions
 e - 2 potions of brilliance
 i - 2 potions of invisibility
 k - 6 potions of enlightenment
 o - 4 potions of resistance
 r - 22 potions of curing
 s - 4 potions of cancellation
 w - 9 potions of lignification
 x - 2 potions of might
 z - 7 potions of attraction
 G - 2 potions of ambrosia
 M - a potion of berserk rage
 S - a potion of mutation


   Skills:
 * Level 17.9 Fighting
 - Level 14.0(16.2) Short Blades
 - Level 13.5(16.0) Long Blades
 - Level 12.0 Armour
 - Level 18.0 Dodging
 - Level 16.0 Stealth
 - Level 12.0 Shields
 - Level 8.0 Spellcasting
 - Level 3.0 Conjurations
 - Level 20.0 Hexes
 - Level 6.0 Translocations
 - Level 6.0 Earth Magic
 - Level 6.0 Alchemy
 - Level 16.0 Invocations


You had 4 spell levels left.
You knew the following spells:

 Your Spells              Type           Power      Damage    Failure   Level
a - Jinxbite              Hex            100%       N/A       0%          2
b - Blink                 Tloc           72%        N/A       1%          2
c - Manifold Assault      Tloc           36%        N/A       10%         4
d - Yara's Violent Unrav  Hex/Alch       31%        3d13      1%          5
e - Teleport Other        Tloc           36%        N/A       3%          3
f - Lesser Beckoning      Tloc           72%        N/A       1%          2
g - Apportation           Tloc           72%        N/A       1%          1
h - Passwall              Erth           36%        N/A       3%          3
i - Dispersal             Tloc           18%        N/A       83%         6
j - Tukima's Dance        Hex            79%        N/A       0%          3
r - Enfeeble              Hex            39%        N/A       2%          7

Your spell library contained the following spells:

 Spells                   Type           Power      Damage    Failure   Level
 Sandblast                Erth           72%        2d16      1%          1
 Sting                    Conj/Alch      100%       1d9       1%          1
 Ensorcelled Hibernation  Hex/Ice        100%       N/A       1%          2
 Dimensional Bullseye     Hex/Tloc       31%        N/A       1%          4
 Momentum Strike          Conj/Tloc      58%        3d9       2%          2
 Magic Dart               Conj           92%        1d7       3%          1
 Gell's Gravitas          Tloc           36%        N/A       3%          3
 Mercury Vapours          Alch/Air       46%        N/A       4%          2
 Searing Ray              Conj           46%        2d6       4%          2
 Stone Arrow              Conj/Erth      58%        3d10      5%          3
 Kiss of Death            Conj/Necr      64%        2d10      6%          1
 Cigotuvi's Dreadful Rot  Necr/Alch/Air  36%        N/A       8%          2
 Mephitic Cloud           Conj/Alch/Air  23%        N/A       10%         3
 Leda's Liquefaction      Alch/Erth      18%        N/A       10%         4
 Passage of Golubria      Tloc           36%        N/A       10%         4
 Petrify                  Alch/Erth      36%        N/A       10%         4
 Freeze                   Ice            36%        1d5       12%         1
 Necrotise                Necr           36%        1d5       12%         1
 Summon Small Mammal      Summ           36%        N/A       12%         1
 Call Imp                 Summ           18%        N/A       17%         2
 Scorch                   Fire           18%        2d5       17%         2
 Sublimation of Blood     Necr           9%         N/A       17%         2
 Hailstorm                Conj/Ice       16%        3d6       19%         3
 Brom's Barrelling Bould  Conj/Erth      29%        2d5       19%         4
 Fulminant Prism          Conj/Alch      14%        3d9       19%         4
 Iskenderun's Mystic Bla  Conj/Tloc      29%        2d7       19%         4
 Animate Armour           Summ/Erth      46%        N/A       32%         4
 Sticky Flame             Fire/Alch      23%        2d6       32%         4
 Vhi's Electric Charge    Tloc/Air       46%        N/A       32%         4
 Frozen Ramparts          Ice            18%        1d3       34%         3
 Fugue of the Fallen      Necr           9%         N/A       34%         3
 Ozocubu's Armour         Ice            9%         N/A       34%         3
 Swiftness                Air            9%         N/A       34%         3
 Flame Wave               Conj/Fire      16%        2d7       52%         4
 Martyr's Knell           Necr/Summ      9%         N/A       75%         4
 Summon Blazeheart Golem  Fire/Summ      9%         N/A       75%         4
 Silence                  Hex/Air        26%        N/A       5%          5
 Discord                  Hex            39%        N/A       21%         8
 Alistair's Intoxication  Alch           24%        N/A       26%         5
 Lee's Rapid Deconstruct  Erth           18%        3d11*     26%         5
 Irradiate                Conj/Alch      14%        3d16      45%         5
 Arcjolt                  Conj/Air       8%         1d18      86%         5
 Freezing Cloud           Conj/Ice/Air   6%         6-21      91%         5
 Bombard                  Conj/Erth      14%        9d3       95%         6
 Sculpt Simulacrum        Ice/Alch       11%        N/A       99%         6
 Conjure Ball Lightning   Conj/Air       8%         3x3d6     100%        6
 Summon Cactus Giant      Summ           4%         N/A       100%        6
 Ozocubu's Refrigeration  Ice            4%         4d8       100%        7
 Spellforged Servitor     Conj/Summ      8%         N/A       100%        7
 Summon Hydra             Summ           4%         N/A       100%        7
 Disjunction              Tloc           18%        N/A       100%        8
 Lehudib's Crystal Spear  Conj/Erth      14%        10d5      100%        8
 Maxwell's Capacitive Co  Air            4%         ∞         100%        8
 Polar Vortex             Ice            4%         N/A       100%        9


Dungeon Overview and Level Annotations

Branches:
Dungeon (15/15)            Temple (1/1) D:5            Lair (5/5) D:10
  Swamp (4/4) Lair:3        Snake (4/4) Lair:2        Slime (0/5) Lair:5
    Orc (2/2) D:9             Elf (3/3) Orc:2        Vaults (4/5) D:13
  Crypt (0/3) Vaults:2     Depths (4/4) D:15            Zot (5/5) Depths:4
  IceCv (visited)          WizLab (visited)         Gauntlet (visited)

Altars:
Ashenzari
Cheibriados
Dithmenos
Elyvilon
Fedhas
Gozag
Hepliaklqana
Kikubaaqudgha
Makhleb
Nemelex Xobeh
Okawaru
Qazlal
Ru
Sif Muna
Trog
Uskayaw
Vehumet
Wu Jian
Xom
Yredelemnul
Zin
The Shining One
Lugonu

Shops:
D:3 =   D:6 *   D:8 *   Orc:1 (   Orc:2 ([[[[   Elf:2 *[   Snake:2 (??[
Snake:4 **[   Vaults:2 =*[(*   Vaults:3 !   Vaults:4 !   Depths:1 (=:

Portals:
Hell: Depths:1 Depths:2 Depths:3 Depths:4
Abyss: Depths:2 Depths:3 Depths:4
Pandemonium: Depths:1 Depths:2
Ziggurat: Depths:4

Annotations:
D:5 exclusion: 2 doors
D:6 2 transporters, Taul's ghost, novice MiFi
D:12 2 transporters, Qikinot's ghost, journeyman DrGl
D:14 4 transporters
Snake:3 6 transporters
Orc:1 1 runed translucent door


Innate Abilities, Weirdness & Mutations

You have razor-sharp teeth.
Your natural rate of healing is unusually fast.
When hurt, damage is shared between your health and your magic reserves.
Your bite disrupts and absorbs the magic of your enemies.
Potions cannot restore your health.
You are mostly covered in iridescent scales. (AC +4)
Your muscles are strong. (Str +4, Int/Dex -1)
You expend magic power (3 MP) to strengthen your wands.


Message History

You feel invigorated.
The Orb Guardian is moderately wounded.
You block the Orb Guardian's attack.
You slash the Orb Guardian! You freeze the Orb Guardian.
You bite the Orb Guardian, but do no damage.
The Orb Guardian is heavily wounded.
The Orb Guardian hits you!
You hit the Orb Guardian but do no damage.
Your bite misses the Orb Guardian.
The Orb Guardian is heavily wounded.
The Orb Guardian misses you.
You closely miss the Orb Guardian. You bite the Orb Guardian!
You drain its power.
You feel invigorated.
The Orb Guardian is heavily wounded.
You block the Orb Guardian's attack.
You slice the Orb Guardian!! You freeze the Orb Guardian.
You bite the Orb Guardian. You drain its power.
The Orb Guardian is almost dead.
You block the Orb Guardian's attack.
You barely miss the Orb Guardian. You bite the Orb Guardian.
You kill the Orb Guardian!
No target in view!
No target in view!
A hell beast comes into view.
There is a stone staircase leading up here.
You climb upwards.
There is a stone staircase leading down here.
Aiming: Dig
Press: ? - help, Shift-Dir - straight line, f - you Please select a direction to dig.
This square is covered in magical glow.
You feel a surge of power!
The rock shatters into small pieces.
Aiming: Dig
Press: ? - help, Shift-Dir - straight line, f - you Please select a direction to dig.
This square is covered in magical glow.
You feel a surge of power!
The rock shatters into small pieces.
You feel yourself speed up.
There is a staircase leading out of the dungeon here.
You have escaped!

##.#...#.#.#.#.#.#.#.#.....##..
##.###...............####.##.#
##.#..........#......###..#.#
##.#.......#.......##.......
##......#....#.....#.##...#
##...#...........##.#....#
#..#...#.#.#.#....#.#.#..#
##...............##.#.#..#
#...#..#.@.#..#...#.#.#...
##...............##.#.#.#>
#....#.#.#.#...#..#.#.#.#.
##...........#...##.#.#.#.
#.....#....#......#.#.#.#.
##.......#.......##.#.#.#.
#......#..........#.#.#.#. ###
#####...............##.#.#.#.
..###....#.#.#.#.#.#.#.#...#.#.#.


There were no monsters in sight!

Vanquished Creatures
  A dread lich (Zot:5)
  2 ancient liches (Zot:5)
  An orb of fire (Zot:5)
  A juggernaut (Depths:4)
  Boris (twice) (Vaults:2 Depths:3)
  5 Killer Klowns (Zot:5)
  5 caustic shrikes (Depths:4)
  5 curse toes
  10 golden dragons
  Norris (Elf:2)
  7 bone dragons
  A Tzitzimitl (Zot:1)
  2 electric golems
  A walking crystal tome (Depths:4)
  Zenata (Vaults:3)
  15 tentacled monstrosities
  2 deep elf blademasters (Elf:2)
  25 Orb Guardians
  9 liches
  2 deep elf master archers (Elf:3)
  2 walking earthen tomes (Depths:4)
  5 quicksilver dragons
  2 walking divine tomes
  6 Executioners
  3 sphinxes
  4 ancient champions (WizLab)
  A tengu reaver (Depths:1)
  18 tentacled starspawn
  12 death cobs
  7 shadow dragons
  20 storm dragons
  A revenant (WizLab)
  6 draconian monks
  3 frost giants
  2 fenstrider witches (Swamp:3)
  4 nagarajas
  The ghost of Lobster4 the Cloud Mage, an adept TeAE of Vehumet (Swamp:2)
  2 draconian knights
  3 protean progenitors
  2 draconian shifters (Zot:3)
  8 fire giants
  8 vault wardens
  Louise (Snake:1)
  A ghost moth (Zot:4)
  4 balrugs
  7 deep elf sorcerers
  7 spectral caustic shrikes
  An iron dragon (Depths:3)
  3 spriggan defenders
  3 formless jellyfish
  A reaper (Abyss:3)
  4 deep elf elementalists
  7 draconian scorchers
  5 ghouls (Swamp:2)
  3 orc warlords (Orc:1)
  3 draconian stormcallers
  2 cacodemons
  4 stone giants
  A quicksilver ooze (Gauntlet)
  15 ironbound preservers
  8 draconian annihilators
  8 ironbound thunderhulks
  Nessos (D:15)
  9 very ugly things
  3 vampire knights
  A juggernaut skeleton (Abyss:3)
  16 black draconians
  16 green draconians
  7 deep elf demonologists
  A dire elephant (Vaults:4)
  7 deep elf death magi
  3 eleionomae
  6 yellow draconians
  4 halazid warlocks (WizLab)
  5 bunyips
  A minotaur (Gauntlet)
  6 deep elf annihilators
  5 red draconians
  A spectral titan (WizLab)
  8 purple draconians
  9 white draconians
  7 spark wasps
  9 war gargoyles
  Snorg (Lair:5)
  A blizzard demon (Abyss:2)
  3 eidola
  6 ettins
  3 shambling mangroves
  Josephine (D:11)
  2 jiangshi (WizLab)
  A quicksilver dragon skeleton (Zot:2)
  A spectral quicksilver dragon (WizLab)
  A quicksilver dragon zombie (WizLab)
  2 deep elf high priests
  11 fire dragons
  7 yaktaur captains
  An entropy weaver (Vaults:3)
  Fannar (Lair:2)
  8 ice dragons
  4 spriggan air magi
  Erolcha (D:11)
  21 hydras
  3 ogre magi
  5 rakshasas
  2 hell beasts
  3 peacekeepers
  A ghost crab (Swamp:1)
  5 salamander tyrants
  12 great orbs of eyes
  8 ironbound frosthearts
  A catoblepas (Lair:2)
  17 centaur warriors
  2 anacondas (Snake:3)
  5 alligators
  23 dancing weapons
  8 boulder beetles
  14 two-headed ogres
  3 deep troll earth magi
  12 naga warriors
  A deep troll shaman (Depths:4)
  Urug (Orc:2)
  8 hell hogs
  A shock serpent (shapeshifter) (Depths:2)
  7 tengu warriors
  3 vampire magi
  7 death yaks (IceCv)
  4 orc high priests
  3 titan zombies (WizLab)
  3 occultists
  7 naga sharpshooters
  3 thrashing horrors
  11 spriggan berserkers
  7 shock serpents
  8 wretched stars
  6 soul eaters
  21 deep elf knights
  5 sun demons
  8 hell knights
  Amaemon (Lair:2)
  A skyshark (shapeshifter) (Elf:2)
  5 skysharks
  8 skeletal warriors
  4 spatial maelstroms
  3 sixfirhies
  3 death drakes
  An iron troll (Depths:3)
  5 shadow wraiths
  25 large abominations
  A quicksilver dragon simulacrum (Depths:4)
  5 flayed ghosts
  6 arcanists
  5 salamander mystics
  4 goliath frogs
  8 swamp dragons
  7 naga ritualists
  A spark wasp zombie (WizLab)
  7 mana vipers
  5 bog bodies
  3 spriggan druids
  2 sea snakes (Snake:1)
  2 glowing orange brains
  49 deep trolls
  An obsidian statue (Zot:2)
  A harpy (Vaults:3)
  31 starcursed masses
  8 ironbound convokers
  A spectral wolf spider (WizLab)
  23 deep elf zephyrmancers
  3 lindwurms (Vaults:1)
  An orc knight (D:15)
  29 deep elf pyromancers
  2 wolf spiders
  3 necromancers
  5 oklob plants
  14 deep elf archers
  35 ugly things
  10 phantasmal warriors
  A shining eye (Abyss:2)
  5 manticores
  7 orc sorcerers
  3 will-o-the-wisps
  A salamander (shapeshifter) (D:11)
  14 cyclopes
  5 worldbinders (Abyss:2)
  13 salamanders
  23 moths of wrath
  A stone giant skeleton (Abyss:3)
  16 elephants
  An ice statue (IceCv)
  9 naga magi
  5 smoke demons
  5 guardian serpents
  19 vault sentinels
  13 cane toads
  2 apocalypse crabs (Abyss:2)
  A naga zombie (Abyss:3)
  33 black mambas
  2 rust devils
  7 orange demons
  4 unseen horrors
  3 gargoyles
  A rime drake (shapeshifter) (D:10)
  A hellion (Abyss:2)
  5 komodo dragons
  41 yaktaurs
  An unseen horror (shapeshifter) (Elf:2)
  7 rime drakes
  An alligator snapping turtle skeleton (Abyss:2)
  7 tengu conjurers
  2 efreet (Abyss:3)
  3 ice devils
  2 freezing wraiths
  11 ancient zymes
  A silent spectre (Abyss:3)
  6 trolls
  15 polar bears
  15 hornets
  A moth of wrath zombie (Zot:2)
  3 harpy zombies (WizLab)
  10 tyrant leeches
  A harpy skeleton (Abyss:2)
  A hornet (shapeshifter) (D:13)
  2 blink frogs (Lair:2)
  23 raiju
  A dream sheep (Lair:5)
  2 glass eyes
  A centaur simulacrum (D:11)
  An air elemental (Elf:2)
  Sigmund (D:3)
  21 slime creatures
  3 shadows
  21 spriggans
  8 water elementals
  7 wraiths
  66 yaks
  4 fire elementals
  6 wyverns
  7 ynoxinuls
  2 vampires (D:11)
  Eustachio (D:6)
  A golden eye (Abyss:2)
  A redback (Vaults:3)
  4 wargs
  3 neqoxecs (Abyss:2)
  3 basilisks
  14 vampire mosquitoes
  6 chaos spawn
  30 nagas
  3 spatial vortices
  10 swamp worms
  4 acid dragons
  18 water moccasins
  10 swamp drakes (Swamp:4)
  A sky beast (Abyss:2)
  5 black bears
  31 orc warriors
  20 laughing skulls
  44 wolves
  4 boggarts (Lair:5)
  3 ogres
  21 small abominations
  10 centaurs
  3 phantoms
  7 weeping skulls
  2 kobold brigands
  3 brain worms
  13 bullfrogs
  2 earth elementals
  A gnoll sergeant (D:6)
  3 scorpions
  10 wights
  12 killer bees
  8 howler monkeys
  5 electric eels
  A crimson imp (Abyss:4)
  4 bombardier beetles
  2 quasits (Abyss:2)
  3 hounds
  3 gnoll boudas
  48 orc priests
  5 iron imps
  3 jellies
  7 iguanas
  4 sleepcaps
  Terence (D:3)
  42 orc wizards
  Natasha (thrice) (D:3)
  A hell rat (Lair:2)
  The ghost of pigah the Changeling, a weakling OpSh (D:3)
  27 gnolls
  10 adders
  A shadow imp (D:5)
  6 white imps
  11 ufetubi
  5 ribbon worms
  2 dart slugs (D:1)
  80 orcs
  8 endoplasms
  5 giant cockroaches
  9 goblins
  7 hobgoblins
  4 jackals (D:3)
  9 quokkas
  8 ball pythons
  8 bats
  A frilled lizard (D:2)
  12 kobolds
  4 rats
  3 lurking horrors
  3 starspawn tentacles
2244 creatures vanquished.

Vanquished Creatures (collateral kills)
  Aizul (Swamp:4)
  An ironbound thunderhulk (Vaults:4)
  A vault guard (Vaults:4)
  A yaktaur (Vaults:4)
  4 swamp worms (Swamp:4)
8 creatures vanquished.

Vanquished Creatures (others)
  A draconian scorcher (Depths:4)
  A vampire knight (Depths:3)
  A deep elf knight (Elf:2)
  A spriggan druid (Swamp:1)
  A deep elf pyromancer (Elf:1)
  A deep elf zephyrmancer (Elf:2)
  3 bloated husks
  2 hornets (Lair:5)
  A spriggan (Lair:5)
  A swamp drake (Swamp:4)
  A small abomination (Abyss:2)
  A centaur (D:13)
  An orc wizard (D:6)
  2 foxfires (Swamp:4)
  2 lurking horrors
  37 starspawn tentacles
57 creatures vanquished.

Grand Total: 2309 creatures vanquished

Notes
Turn   | Place    | Note
-------+----------+-------------------------------------------
     0 | D:1      | Laraso the Vine Stalker Reaver began the quest for the Orb.
     0 | D:1      | Reached XP level 1. HP: 11/11 MP: 4/4
   156 | D:1      | Reached XP level 2. HP: 11/15 MP: 4/6
  1009 | D:2      | Reached XP level 3. HP: 18/18 MP: 7/7
  1014 | D:2      | Identified the +3 glaive of the Ancients {heavy, rElec rF+
                  | Int-2 Dex+3}
  1261 | D:2      | Reached XP level 4. HP: 20/23 MP: 8/8
  1374 | D:2      | Learned a level 2 spell: Jinxbite
  1507 | D:3      | Learned a level 3 spell: Fugue of the Fallen
  1624 | D:3      | Noticed Terence
  1653 | D:3      | Killed Terence
  1963 | D:3      | Reached skill level 5 in Short Blades
  1963 | D:3      | Reached XP level 5. HP: 26/26 MP: 9/9
  2031 | D:3      | Noticed Natasha
  2043 | D:3      | Killed Natasha
  2077 | D:3      | Found Uclu's Jewellery Shoppe.
  2234 | D:3      | Noticed Natasha
  2245 | D:3      | Killed Natasha
  2350 | D:3      | Noticed Sigmund
  2366 | D:3      | Killed Sigmund
  2367 | D:3      | Reached XP level 6. HP: 27/30 MP: 10/10
  2394 | D:3      | Noticed Natasha
  2423 | D:3      | Killed Natasha
  3157 | D:4      | Reached XP level 7. HP: 34/34 MP: 11/11
  3454 | D:4      | Gained mutation: Your skin changes colour to match your
                  | surroundings (Stealth+). [potion of mutation]
  3454 | D:4      | Gained mutation: You expend magic power (3 MP) to
                  | strengthen your wands. [potion of mutation]
  3454 | D:4      | Gained mutation: You are weak. (Str -2) [potion of
                  | mutation]
  3455 | D:4      | Lost mutation: Your skin changes colour to match your
                  | surroundings (Stealth+). [potion of mutation]
  3455 | D:4      | Lost mutation: You are weak. (Str -2) [potion of mutation]
  3455 | D:4      | Lost mutation: You expend magic power (3 MP) to strengthen
                  | your wands. [potion of mutation]
  3455 | D:4      | Gained mutation: Your magical capacity is low. (-10% MP)
                  | [potion of mutation]
  3903 | D:4      | Found a runed translucent gate.
  3903 | D:4      | Identified the +0 chain mail of Jettuoh {rN+ Str-4 SInv}
  3904 | D:4      | Found a runed translucent gate.
  3904 | D:4      | Noticed pigah's ghost (weakling OpSh)
  3905 | D:4      | Found a runed translucent gate.
  4040 | D:3      | Killed pigah's ghost
  4104 | D:4      | Learned a level 2 spell: Blink
  4280 | D:5      | Entered Level 5 of the Dungeon
  4335 | D:5      | Gained mutation: You have razor-sharp teeth. [Vine Stalker
                  | growth]
  4335 | D:5      | Reached XP level 8. HP: 32/38 MP: 9/11
  4490 | D:5      | Found a staircase to the Ecumenical Temple.
  4511 | Temple   | Entered the Ecumenical Temple
  4604 | Temple   | Became a worshipper of Elyvilon the Healer
  4659 | D:6      | Noticed a +0 spear
  4659 | D:6      | Noticed a +0 dagger
  4660 | D:6      | Noticed a +0 short sword
  4670 | D:6      | Noticed a +0 short sword
  4674 | D:6      | Noticed a +0 spear
  4674 | D:6      | Noticed a +0 falchion
  4717 | D:6      | Noticed a +0 falchion
  4718 | D:6      | Noticed a +0 dagger
  4729 | D:6      | Found a hide-covered altar of Uskayaw.
  4731 | D:6      | Noticed Eustachio
  4744 | D:6      | Killed Eustachio
  4753 | D:6      | Reached skill level 10 in Short Blades
  4826 | D:6      | Reached XP level 9. HP: 42/42 MP: 13/15
  4850 | D:6      | Reached skill level 5 in Spellcasting
  5103 | D:6      | Reached skill level 1 in Hexes
  5179 | D:6      | Reached skill level 2 in Hexes
  5330 | D:6      | Found Ucil's General Store.
  5335 | D:6      | Bought a potion of might for 48 gold pieces
  5380 | D:6      | Reached * piety under Elyvilon
  5419 | D:6      | Found a transporter.
  5424 | D:6      | Found a transporter.
  5424 | D:6      | Noticed Taul's ghost (novice MiFi)
  5441 | D:6      | Reached skill level 3 in Hexes
  5551 | D:7      | Reached skill level 4 in Hexes
  5861 | D:5      | Noticed a two-headed ogre
  5873 | D:5      | Killed a two-headed ogre
  5874 | D:5      | Reached skill level 6 in Hexes
  6119 | D:7      | Reached XP level 10. HP: 46/46 MP: 18/18
  6263 | D:7      | Reached ** piety under Elyvilon
  6701 | D:8      | Found Juddul's Elemental Accessories.
  6829 | D:8      | Found a stormy altar of Qazlal.
  6891 | D:8      | Reached *** piety under Elyvilon
  7140 | D:8      | Noticed a gargoyle
  7151 | D:8      | Killed a gargoyle
  7487 | D:9      | Found a hazy altar of Hepliaklqana.
  7488 | D:9      | Found an iron altar of Okawaru.
  7489 | D:9      | Found a glowing golden altar of the Shining One.
  7501 | D:9      | Noticed a manticore
  7516 | D:9      | Killed a manticore
  7663 | D:9      | Found a staircase to the Orcish Mines.
  8109 | D:10     | Entered Level 10 of the Dungeon
  8221 | D:9      | Reached XP level 11. HP: 45/50 MP: 12/19
  8310 | D:10     | Found a staircase to the Lair.
  8455 | D:10     | Reached **** piety under Elyvilon
  8680 | Lair:1   | Entered Level 1 of the Lair of Beasts
  8893 | Lair:1   | Reached skill level 1 in Invocations
  9794 | Lair:2   | Reached ***** piety under Elyvilon
  9925 | Lair:2   | Reached skill level 5 in Invocations
 10040 | Lair:2   | Noticed Amaemon
 10059 | Lair:2   | Killed Amaemon
 10112 | Lair:2   | Noticed Fannar
 10164 | Lair:2   | Killed Fannar
 10189 | Lair:2   | Reached XP level 12. HP: 58/58 MP: 19/19
 10257 | Lair:2   | Noticed a skyshark
 10319 | Lair:2   | Reached skill level 5 in Fighting
 10397 | Lair:2   | Killed a skyshark
 10466 | Lair:2   | Noticed a catoblepas
 10501 | Lair:2   | Killed a catoblepas
 10627 | Lair:2   | Noticed a skyshark
 10628 | Lair:2   | Noticed an eight-headed hydra
 10630 | Lair:2   | Noticed a four-headed hydra
 10659 | Lair:2   | Killed an eight-headed hydra
 10667 | Lair:2   | Reached skill level 1 in Armour
 10672 | Lair:2   | Killed a skyshark
 10676 | Lair:2   | Killed a four-headed hydra
 10748 | Lair:2   | Noticed a five-headed hydra
 10757 | Lair:2   | Killed a five-headed hydra
 10833 | Lair:2   | Noticed a boulder beetle
 10871 | Lair:2   | Killed a boulder beetle
 10872 | Lair:2   | Reached XP level 13. HP: 68/68 MP: 17/20
 10930 | Lair:2   | Reached skill level 5 in Dodging
 11123 | Lair:2   | Found a staircase to the Snake Pit.
 11457 | Lair:3   | Reached skill level 5 in Armour
 12436 | Lair:3   | Found a staircase to the Swamp.
 13335 | Lair:4   | Reached ****** piety under Elyvilon
 13877 | Lair:4   | Reached XP level 14. HP: 65/73 MP: 19/21
 13979 | Lair:5   | Entered Level 5 of the Lair of Beasts
 14140 | Lair:5   | Reached skill level 10 in Invocations
 14620 | Lair:5   | Found a staircase to the Slime Pits.
 14717 | Lair:5   | Noticed Snorg
 14739 | Lair:5   | Killed Snorg
 15372 | Lair:5   | Identified the +9 short sword of Eqimujaf {venom, rC+
                  | rCorr}
 15763 | D:11     | Identified the amulet "Iqoiwele" {Regen+ Int+2}
 16021 | D:11     | Identified the +1 falchion "Veoshiu" {flame, rN+ Stlth+}
 16096 | D:11     | Reached skill level 10 in Dodging
 16115 | D:11     | Reached XP level 15. HP: 77/77 MP: 22/22
 16280 | D:11     | Identified the +0 scale mail of the Trout {rElec MP+9
                  | Int-2}
 16317 | D:11     | You fall into a shaft and drop 2 floors!
 16391 | D:13     | Lost mutation: Your magical capacity is low. (-10% MP)
                  | [potion of mutation]
 16391 | D:13     | Gained mutation: You are partially covered in large bone
                  | plates. (SH +4) [potion of mutation]
 16391 | D:13     | Gained mutation: You have a somewhat thin skeletal
                  | structure. (Dex +2, Stealth+) [potion of mutation]
 16635 | D:13     | Paralysed by a hornet for 2 turns
 16733 | D:12     | Found a transporter.
 16740 | D:12     | Found a frozen archway.
 16762 | IceCv    | Entered an ice cave
 17126 | IceCv    | Reached skill level 7 in Hexes
 17315 | IceCv    | Reached skill level 8 in Hexes
 17618 | D:12     | Identified a scroll of acquirement
 17618 | D:12     | Acquired 1081 gold pieces
 17629 | D:12     | Noticed Qikinot's ghost (journeyman DrGl)
 17648 | D:12     | Found a transporter.
 17743 | D:11     | Reached skill level 9 in Hexes
 17888 | D:11     | Noticed Erolcha
 17894 | D:11     | Killed Erolcha
 18124 | D:12     | Noticed Josephine
 18161 | D:11     | Killed Josephine
 18331 | D:11     | Reached skill level 10 in Hexes
 18522 | D:12     | Reached XP level 16. HP: 76/81 MP: 22/26
 19020 | D:13     | Identified the +0 plate armour of Happy Babbling {Rampage
                  | Dex+7 SInv Stlth-}
 19076 | D:13     | Found a gate to the Vaults.
 19419 | D:14     | Reached skill level 11 in Hexes
 19744 | D:14     | Found a glowing golden altar of the Shining One.
 19955 | D:14     | Found a transporter.
 19972 | D:14     | Found a transporter.
 20045 | D:14     | Found a transporter.
 20068 | D:14     | Found a transporter.
 20087 | D:15     | Entered Level 15 of the Dungeon
 20370 | D:15     | Noticed Nessos
 20385 | D:15     | Killed Nessos
 20386 | D:15     | Reached skill level 12 in Hexes
 20593 | D:15     | Found a staircase to the Depths.
 20930 | D:15     | Reached skill level 1 in Translocations
 21191 | Orc:1    | Entered Level 1 of the Orcish Mines
 21562 | Orc:1    | Found Immaerph's Weapon Boutique.
 21749 | Orc:1    | Found a runed translucent door.
 21811 | Orc:1    | Paralysed by an orc sorcerer for 4 turns
 22175 | Orc:2    | Entered Level 2 of the Orcish Mines
 22175 | Orc:2    | Noticed Urug
 22212 | Orc:2    | Found a gate leading to a gauntlet.
 22305 | Orc:2    | Killed Urug
 22330 | Gauntlet | Entered a Gauntlet
 22330 | Gauntlet | Found a transporter.
 22337 | Gauntlet | Found a transporter.
 22339 | Gauntlet | Found a transporter.
 22350 | Gauntlet | Found a transporter.
 22353 | Gauntlet | Found a transporter.
 22363 | Gauntlet | Found a transporter.
 22379 | Gauntlet | Found a transporter.
 22390 | Gauntlet | Found a transporter.
 22401 | Gauntlet | Found a transporter.
 22407 | Gauntlet | Found a transporter.
 22435 | Gauntlet | Found a runed translucent door.
 22436 | Gauntlet | Found a transporter.
 22436 | Gauntlet | Found a transporter.
 22437 | Gauntlet | Found a runed translucent door.
 22488 | Gauntlet | Found a transporter.
 22491 | Gauntlet | Found a transporter.
 22658 | Gauntlet | Reached skill level 5 in Translocations
 22712 | Gauntlet | Identified the ring of Movvu Leto {Str+3 SInv}
 22729 | Gauntlet | Identified the +8 glaive of Arrival {antimagic, Int+4}
 22817 | Gauntlet | Identified the +3 pair of gloves of Wexaoqicao {rF- rC++
                  | Will+ rCorr}
 22975 | Orc:2    | Found Qitteoph's Antique Weapon Shop.
 23194 | Orc:2    | Paralysed by an orc sorcerer for 4 turns
 23621 | Orc:2    | Found a staircase to the Elven Halls.
 24141 | Orc:2    | Reached skill level 10 in Fighting
 24390 | Orc:2    | Found Vaul's Antique Armour Boutique.
 24390 | Orc:2    | Found Firic's Antique Armour Shop.
 24390 | Orc:2    | Found Ziorewuc's Antique Armour Shop.
 24398 | Orc:2    | Found Gahue's Antique Armour Boutique.
 24410 | Orc:2    | Bought a faintly humming scale mail for 270 gold pieces
 24410 | Orc:2    | Identified the +0 scale mail of Submission {+Inv rC- Will+
                  | Str+2} (You bought it in a shop on level 2 of the Orcish
                  | Mines)
 24430 | Orc:2    | Bought the +2 cloak of the Thief {*Fog Slay-2 SInv Stlth+}
                  | for 804 gold pieces
 24430 | Orc:2    | Found the +2 cloak of the Thief {*Fog Slay-2 SInv Stlth+}
 24449 | Orc:2    | Bought a runed orb for 360 gold pieces
 24451 | Orc:2    | Bought a distressingly furry robe for 153 gold pieces
 24451 | Orc:2    | Identified the +0 robe "Tithyux" {rCorr Slay+3} (You bought
                  | it in a shop on level 2 of the Orcish Mines)
 24453 | Orc:2    | Bought a shiny buckler for 202 gold pieces
 24624 | Elf:1    | Entered Level 1 of the Elven Halls
 24755 | Orc:2    | Learned a level 4 spell: Manifold Assault
 24759 | Orc:2    | Learned a level 3 spell: Teleport Other
 24764 | Orc:2    | Learned a level 3 spell: Gell's Gravitas
 24767 | Orc:2    | Learned a level 2 spell: Lesser Beckoning
 24769 | Orc:2    | Learned a level 1 spell: Apportation
 24945 | Swamp:1  | Entered Level 1 of the Swamp
 24957 | Swamp:1  | Reached XP level 17. HP: 90/90 MP: 27/27
 25444 | Swamp:1  | Reached skill level 1 in Shields
 25688 | Swamp:2  | Found a runed translucent gate.
 25688 | Swamp:2  | Found a runed translucent gate.
 25688 | Swamp:2  | Found a runed translucent gate.
 25823 | Swamp:2  | Reached skill level 1 in Stealth
 26066 | Swamp:2  | Reached skill level 5 in Stealth
 26335 | Swamp:2  | Noticed Lobster4's ghost (adept TeAE)
 26358 | Swamp:2  | Killed Lobster4's ghost
 27022 | Swamp:3  | Paralysed by a fenstrider witch for 5 turns
 27409 | Swamp:4  | Entered Level 4 of the Swamp
 27525 | Swamp:4  | Reached skill level 10 in Stealth
 27936 | Swamp:4  | Identified the +11 plate armour of Fuwiaribb {Dex+2}
 28002 | Swamp:4  | Reached skill level 5 in Shields
 28073 | Swamp:4  | Got a decaying rune of Zot
 28193 | Swamp:4  | Identified the serpent talisman "Piweufumae" {rF+ rC+
                  | Str+5}
 28193 | Swamp:4  | Noticed Aizul
 28205 | Swamp:4  | Killed Aizul
 28221 | Swamp:4  | Reached XP level 18. HP: 93/96 MP: 24/28
 28448 | Snake:1  | Entered Level 1 of the Snake Pit
 28812 | Snake:1  | Noticed Louise
 28823 | Snake:1  | Killed Louise
 29590 | Snake:2  | Found Wemuriwu's Armour Shop.
 29590 | Snake:2  | Found Dipeips's Weapon Boutique.
 29602 | Snake:2  | Found Elivooma's Magic Scroll Shop.
 29604 | Snake:2  | Found Gufith's Magic Scroll Boutique.
 29634 | Snake:2  | Bought a scroll of acquirement for 832 gold pieces
 29635 | Snake:2  | Acquired 1003 gold pieces
 29651 | Snake:2  | Bought a scroll of amnesia for 56 gold pieces
 29651 | Snake:2  | Bought a scroll of fog for 56 gold pieces
 29651 | Snake:2  | Bought a scroll of revelation for 105 gold pieces
 29651 | Snake:2  | Bought a scroll of revelation for 105 gold pieces
 29657 | Snake:2  | Bought a scroll of teleportation for 48 gold pieces
 29657 | Snake:2  | Bought a scroll of teleportation for 48 gold pieces
 29657 | Snake:2  | Bought a scroll of teleportation for 48 gold pieces
 29657 | Snake:2  | Bought a scroll of teleportation for 48 gold pieces
 29657 | Snake:2  | Bought a scroll of poison for 64 gold pieces
 29657 | Snake:2  | Bought a scroll of teleportation for 48 gold pieces
 29657 | Snake:2  | Bought a scroll of enchant weapon for 120 gold pieces
 30043 | Snake:3  | Found a transporter.
 30047 | Snake:3  | Found a transporter.
 30114 | Snake:3  | Found a transporter.
 30116 | Snake:3  | Found a transporter.
 30123 | Snake:3  | Found a blossoming altar of Fedhas.
 30431 | Snake:3  | Learned a level 3 spell: Passwall
 30671 | Snake:3  | HP: 2/120 [naga sharpshooter/arrow (10)]
 30912 | Snake:3  | Found a transporter.
 30918 | Snake:3  | Found a transporter.
 31464 | Snake:4  | Entered Level 4 of the Snake Pit
 31603 | Snake:4  | Found Iguexuykh's General Store.
 31605 | Snake:4  | Found Otwagoet's Assorted Antiques.
 31607 | Snake:4  | Found Yras's Antique Armour Shoppe.
 31639 | Snake:4  | Bought a scroll of enchant armour for 285 gold pieces
 31979 | Snake:4  | Got the Volume of Dominance
 32835 | Snake:4  | Reached skill level 15 in Dodging
 32973 | Snake:4  | Got a serpentine rune of Zot
 33088 | Snake:4  | Learned a level 7 spell: Enfeeble
 33589 | D:10     | Reached XP level 19. HP: 100/100 MP: 29/29
 33723 | Elf:1    | Got the Octavo of the Mob
 34567 | Elf:2    | Found Bovem's Antique Armour Emporium.
 34595 | Elf:2    | Bought a pair of glowing boots for 255 gold pieces
 34606 | Elf:2    | Bought a slimy helmet for 323 gold pieces
 34606 | Elf:2    | Identified the +0 helmet "Urufuss" {Str+9 Stlth-} (You
                  | bought it in a shop on level 2 of the Elven Halls)
 34742 | Elf:2    | Reached skill level 1 in Earth Magic
 34877 | Elf:2    | Noticed Norris
 34914 | Elf:2    | Killed Norris
 35058 | Elf:2    | Found Peat's Assorted Antiques.
 35061 | Elf:2    | Bought a scroll of enchant armour for 247 gold pieces
 35251 | Elf:2    | Found a runed translucent gate.
 35253 | Elf:2    | Found a runed translucent gate.
 35254 | Elf:2    | Found a runed translucent gate.
 36288 | Elf:2    | Learned a level 5 spell: Yara's Violent Unravelling
 36686 | Elf:3    | Entered Level 3 of the Elven Halls
 36720 | Elf:3    | Found a shimmering blue altar of Sif Muna.
 36907 | Elf:2    | Reached skill level 1 in Alchemy
 37246 | Elf:3    | Reached skill level 5 in Earth Magic
 37253 | Elf:2    | Reached skill level 13 in Hexes
 37313 | Elf:3    | Noticed a Tzitzimitl
 37438 | Elf:3    | Noticed an Ice Fiend
 37583 | Elf:3    | Noticed an Ice Fiend
 37689 | Elf:3    | Noticed an Ice Fiend
 37902 | Elf:3    | Noticed a Hell Sentinel
 38089 | Elf:3    | Reached XP level 20. HP: 105/105 MP: 26/33
 38269 | Elf:3    | Identified the +7 morningstar of the Penguin {freeze, rC+
                  | Str+6}
 38289 | Elf:3    | Identified the +8 whip of Nigoesche {vamp, *Rage Will-
                  | rCorr Int+9}
 38557 | Elf:3    | Identified the +7 rapier of Indignation {freeze, +Blink rF+
                  | rC- Str+2}
 38580 | Elf:3    | Identified the staff of the Twelve Mice {^Drain rF+ Will+
                  | rCorr Fire Earth}
 38596 | Elf:3    | Identified the +0 cloak of Enormous Joy {rElec Dex+4}
 38602 | Elf:3    | Got Sif Muna's Volume of the Contaminated Anticline
 38755 | Elf:2    | Reached skill level 5 in Alchemy
 39055 | Elf:3    | Reached skill level 14 in Hexes
 39759 | Vaults:1 | Entered Level 1 of the Vaults
 40044 | Vaults:1 | Reached skill level 15 in Hexes
 40772 | Vaults:1 | Identified the +7 bardiche of Cuppu {flame, *Noise +Blink
                  | SInv}
 40839 | Vaults:1 | Reached skill level 16 in Hexes
 41802 | Vaults:2 | Noticed Boris
 42053 | Vaults:2 | Found Jiaran's Assorted Antiques.
 42053 | Vaults:2 | Found Gelau's Weapon Boutique.
 42062 | Vaults:2 | Bought a scroll of blinking for 225 gold pieces
 42096 | Vaults:2 | Reached XP level 21. HP: 97/109 MP: 34/34
 42120 | Vaults:2 | Reached skill level 17 in Hexes
 42324 | Vaults:2 | Found Fauhaigh's Assorted Antiques.
 42351 | Vaults:2 | Found Xoofiec's Jewellery Shoppe.
 42647 | Vaults:2 | Found Gask's Armour Shoppe.
 42652 | Vaults:2 | Bought a +2 ring mail of willpower for 294 gold pieces
 42797 | Vaults:2 | Found a staircase to the Crypt.
 42797 | Vaults:2 | Found an ancient bone altar of Kikubaaqudgha.
 42798 | Vaults:2 | Found a basalt altar of Yredelemnul.
 43406 | Vaults:3 | Noticed Zenata
 43414 | Vaults:3 | Killed Zenata
 43579 | Vaults:3 | Reached skill level 18 in Hexes
 43599 | Vaults:3 | Reached skill level 1 in Long Blades
 44321 | Vaults:3 | Found Eschow's Distillery.
 44340 | Vaults:3 | Bought a potion of haste for 100 gold pieces
 44340 | Vaults:3 | Bought a potion of haste for 100 gold pieces
 44597 | Vaults:3 | Reached skill level 5 in Long Blades
 44754 | Vaults:4 | Paralysed by a formless jellyfish for 1 turns
 44930 | Vaults:4 | Found a magical portal.
 44939 | WizLab   | Entered Borgnjor's Mausoleum
 46034 | WizLab   | Identified the ring of Prescription {rCorr Int+6}
 46252 | Vaults:4 | Reached XP level 22. HP: 88/91 MP: 29/35
 46387 | Vaults:4 | Reached skill level 10 in Long Blades
 47134 | Vaults:4 | Identified the +8 quarterstaff of Daghaucu {antimagic, rN+
                  | Dex+3}
 47224 | Vaults:4 | Found Kutsuasch's Distillery.
 47992 | Vaults:2 | Killed Boris
 48106 | Depths:1 | Entered Level 1 of the Depths
 48280 | Depths:1 | Found a one-way gate leading to the halls of Pandemonium.
 48341 | Depths:1 | Found Ytimp's Antique Weapon Shop.
 48396 | Depths:1 | Found Weowulozia's Book Emporium.
 48440 | Depths:1 | Found Naaluc's Jewellery Boutique.
 48441 | Depths:1 | Found Esiwn's Book Emporium.
 48524 | Depths:1 | You fall into a shaft and drop 1 floor!
 48524 | Depths:2 | Found a gateway to Hell.
 48744 | Depths:1 | Found a broken altar of Ashenzari.
 48759 | Depths:1 | Learned a level 3 spell: Tukima's Dance
 49953 | Depths:2 | Got Sif Muna's Parchment of the Old World
 49996 | Depths:2 | Found a glowing golden altar of the Shining One.
 50061 | Depths:2 | Found a burning altar of Makhleb.
 50123 | Depths:2 | Found a blossoming altar of Fedhas.
 50476 | Depths:2 | Found a one-way gate to the infinite horrors of the Abyss.
 50486 | Depths:2 | Reached skill level 19 in Hexes
 50816 | Depths:2 | Reached XP level 23. HP: 105/118 MP: 22/36
 51927 | Depths:3 | Reached skill level 20 in Hexes
 52199 | Depths:3 | Reached skill level 10 in Shields
 52271 | Depths:3 | Noticed Boris
 52293 | Depths:3 | Killed Boris
 52516 | Depths:4 | Entered Level 4 of the Depths
 52603 | Depths:4 | Found a basalt altar of Yredelemnul.
 52777 | Depths:4 | Noticed a caustic shrike
 52783 | Depths:4 | Noticed a caustic shrike
 52806 | Depths:4 | Noticed a caustic shrike
 52807 | Depths:4 | Noticed a caustic shrike
 52812 | Depths:4 | Noticed a caustic shrike
 52818 | Depths:4 | Killed a caustic shrike
 52821 | Depths:4 | Killed a caustic shrike
 52824 | Depths:4 | Killed a caustic shrike
 52831 | Depths:4 | Killed a caustic shrike
 52845 | Depths:4 | Killed a caustic shrike
 53369 | Depths:4 | Found a gate to the Realm of Zot.
 53475 | Depths:4 | Reached skill level 15 in Stealth
 53531 | Depths:4 | Found a one-way gateway to a ziggurat.
 53953 | Depths:4 | Noticed a juggernaut
 53955 | Depths:4 | Found a runed translucent door.
 53958 | Depths:4 | Noticed a golden dragon
 54000 | Depths:4 | Killed a juggernaut
 54125 | Depths:4 | Killed a golden dragon
 54126 | Depths:4 | Reached XP level 24. HP: 122/122 MP: 31/36
 54181 | Depths:4 | Identified the +0 pair of gloves "Jewuhah" {+Blink MP+9
                  | Str+4}
 54183 | Depths:4 | Identified the ring of the Irksome God {Fire Str+3}
 54464 | Depths:4 | Voluntarily entered the Abyss.
 54587 | Abyss:2  | Found a corrupted altar of Lugonu.
 54934 | Abyss:2  | Found a corrupted altar of Lugonu.
 55898 | Abyss:2  | Found a corrupted altar of Lugonu.
 55904 | Abyss:2  | Reached skill level 10 in Armour
 55914 | Abyss:2  | Gained mutation: You are frail. (-10% HP) [a neqoxec]
 55920 | Abyss:2  | Gained mutation: Armour fits poorly on your strangely
                  | shaped body. [a neqoxec]
 55956 | Abyss:2  | Found a corrupted altar of Lugonu.
 55988 | Abyss:2  | Lost mutation: You are partially covered in large bone
                  | plates. (SH +4) [potion of mutation]
 55988 | Abyss:2  | Lost mutation: You are frail. (-10% HP) [potion of
                  | mutation]
 55988 | Abyss:2  | Lost mutation: You have a somewhat thin skeletal structure.
                  | (Dex +2, Stealth+) [potion of mutation]
 55988 | Abyss:2  | Gained mutation: Your muscles are strong. (Str +4, Int/Dex
                  | -1) [potion of mutation]
 55988 | Abyss:2  | Gained mutation: Your mind is acute. (Int +4, Str/Dex -1)
                  | [potion of mutation]
 55989 | Abyss:2  | Lost mutation: Your mind is acute. (Int +4, Str/Dex -1)
                  | [potion of mutation]
 55989 | Abyss:2  | Lost mutation: Armour fits poorly on your strangely shaped
                  | body. [potion of mutation]
 55989 | Abyss:2  | Gained mutation: You expend magic power (3 MP) to
                  | strengthen your wands. [potion of mutation]
 55989 | Abyss:2  | Gained mutation: You are partially covered in iridescent
                  | scales. (AC +2) [potion of mutation]
 55989 | Abyss:2  | Gained mutation: You are mostly covered in iridescent
                  | scales. (AC +4) [potion of mutation]
 56366 | Abyss:3  | Found a corrupted altar of Lugonu.
 57030 | Abyss:3  | Paralysed by accursed screaming for 1 turns
 57036 | Abyss:3  | Paralysed by accursed screaming for 1 turns
 57169 | Abyss:3  | Found a corrupted altar of Lugonu.
 57243 | Abyss:3  | Found a corrupted altar of Lugonu.
 57252 | Abyss:3  | Found a corrupted altar of Lugonu.
 57439 | Abyss:3  | Found a corrupted altar of Lugonu.
 57506 | Abyss:3  | Found a corrupted altar of Lugonu.
 57564 | Abyss:3  | Reached XP level 25. HP: 124/125 MP: 36/36
 57590 | Abyss:3  | Got an abyssal rune of Zot
 57896 | Depths:4 | Escaped the Abyss
 58039 | Zot:1    | Entered Level 1 of the Realm of Zot
 58078 | Zot:1    | HP: 6/126 [yellow draconian annihilator/bolt of lightning[a
                  | red draconian scorcher] (21)]
 58811 | Zot:1    | Identified the +4 hand axe of Kuryaxt {freeze, rCorr Str+3}
 58930 | Zot:1    | Identified the +4 chain mail of the Fiddle {Str+4}
 60259 | Zot:2    | Found a burning altar of Makhleb.
 60739 | Zot:2    | Found a broken altar of Ashenzari.
 61003 | Zot:2    | Reached skill level 15 in Invocations
 61940 | Zot:3    | Reached XP level 26. HP: 122/131 MP: 28/36
 62347 | Zot:3    | Elyvilon protects you from harm!
 62657 | Zot:2    | Learned a level 6 spell: Dispersal
 63494 | Zot:3    | Found a corrupted altar of Lugonu.
 64843 | Zot:5    | Entered Level 5 of the Realm of Zot
 65892 | Zot:5    | Noticed a dread lich
 65927 | Zot:5    | Killed a dread lich
 65960 | Zot:5    | Reached skill level 15 in Fighting
 66393 | Zot:5    | Noticed a Killer Klown
 66405 | Zot:5    | Killed a Killer Klown
 66580 | Zot:5    | Noticed a Killer Klown
 66603 | Zot:5    | Noticed a Killer Klown
 66603 | Zot:5    | Noticed an ancient lich
 66604 | Zot:5    | Noticed a Killer Klown
 66606 | Zot:5    | Noticed an orb of fire
 66659 | Zot:5    | Killed an ancient lich
 66663 | Zot:5    | Killed an orb of fire
 66668 | Abyss:4  | Cast into level 4 of the Abyss (Killer Klown)
 66729 | Zot:5    | Escaped the Abyss
 66754 | Zot:5    | Elyvilon protects you from harm!
 66758 | Zot:5    | HP: 9/184 [tentacled monstrosity (4)]
 66766 | Zot:5    | Killed a Killer Klown
 66769 | Zot:5    | Killed a Killer Klown
 66772 | Zot:5    | Noticed an ancient lich
 66817 | Zot:5    | Killed a Killer Klown
 66844 | Zot:5    | Killed an ancient lich
 67091 | Zot:5    | Reached XP level 27. HP: 149/149 MP: 36/36
 67487 | Zot:5    | Got the Orb of Zot
 67675 | Zot:2    | Noticed Atoikh the pandemonium lord
 68032 | D:$      | Escaped with the Orb!

Illustrated notes

Levels and vault maps discovered:
D:1:      co_arrival_square_in_a_square_in_a_square, layout_basic,
          serial_rivers, chequers_serial_rivers_large_a,
          chequers_serial_rivers_micro_d, chequers_serial_rivers_small_a,
          chequers_serial_rivers_small_a, chequers_serial_rivers_large_b,
          minmay_misc_feat_diagonals
D:2:      layout_rooms
D:3:      minmay_thinvault, layout_basic, serial_co_window_serial,
          co_window_of_opportunity_a, co_window_cross_1, co_window_paths_a,
          co_window_corner_a, co_window_paths_a, co_window_corner_ca,
          co_window_broadway_c, co_window_corner_ca, co_window_sun,
          co_window_4corner_a, glass_columns_a, glass_columns_a,
          glass_columns_a, glass_columns_a, glass_columns_a, serial_shops,
          nicolae_shop_behind_doors, uniq_natasha, uniq_sigmund, uniq_terence
D:4:      minmay_clustersquares, layout_cave_pools, biasface_ghost_orc_armoury,
          minivault_11, roderic_lattice_a, minmay_misc_feat_tiny,
          hangedman_decor_clover_reticule, kennysheep_generic_room_10
D:5:      cheibrodos_two_vegetables, layout_basic,
          minmay_temple_entry_drinking_statues
D:6:      minmay_flawed_box, layout_rooms, nicolae_uskayaw_en_pointe,
          gammafunk_ghost_hive, serial_shops, kennysheep_little_box,
          uniq_eustachio
D:7:      layout_cave_pools, serial_column_ruins, column_ruins_square_small,
          column_ruins_grid_1, column_ruins_grid_1, column_ruins_grid_2,
          column_ruins_columns_straight, column_ruins_grid_4,
          column_ruins_grid_1
D:8:      layout_loops_cross, amcnicky_altar_gilded, serial_park_tiny_2,
          nicolae_elemental_shop
D:9:      layout_basic, chequers_temple_overflow_statue_of_worship, david_orc_3,
          eino_jars
D:10:     layout_cross, lair_entry_dummy, kennysheep_generic_room_4
D:11:     minmay_the_grid_square_5x5_4x4
          [minmay_the_grid_square_5x5_inverted_slash,
          minmay_the_grid_square_5x5_two_walls_a,
          minmay_the_grid_square_5x5_pentomino_r,
          minmay_the_grid_square_5x5_broken_cross,
          minmay_the_grid_square_5x5_minivault,
          minmay_the_grid_square_5x5_prize_junk,
          minmay_the_grid_square_5x5_prize_open,
          minmay_the_grid_square_5x5_hourglass,
          minmay_the_grid_square_5x5_checkered_statues,
          minmay_the_grid_square_5x5_prize_pseudospiral,
          minmay_the_grid_square_5x5_prize_deathbox,
          minmay_the_grid_square_5x5_slash,
          minmay_the_grid_square_5x5_half_checkered,
          minmay_the_grid_square_5x5_shrine1,
          minmay_the_grid_square_5x5_percent, minmay_the_grid_square_5x5_v],
          layout_cave_pools, grunt_decor_fettered, uniq_erolcha
D:12:     layout_rooms, nzn_ghost_randoct, portal_ice_cave_demonic_guard,
          uniq_josephine
D:13:     minmay_cut_squares, layout_basic
D:14:     layout_irregular_city, tso_metal_star, nicolae_transporter_circle
D:15:     hangedman_depths_entry_civil_slaughter, layout_loops_cross,
          corexii_hall_statues_x, st_stairs_8, uniq_nessos
Temple:   bh_familiar_temple
Lair:1:   layout_layer_cave, serial_bayou_pond_e, dreamdust_gnoll_shepherd,
          grunt_megastairs_3, lemuel_fruit_fields, serial_bayou_shore_b
Lair:2:   nzn_winding_woodlands_stair_cross
          [nzn_winding_woodlands_5x15_lazy_stream,
          nzn_winding_woodlands_center_garden,
          nzn_winding_woodlands_5x15_zeroes, nzn_winding_woodlands_5x5_three,
          nzn_winding_woodlands_5x5_open_star,
          nzn_winding_woodlands_5x15_sawtooth,
          nzn_winding_woodlands_center_lodge,
          nzn_winding_woodlands_5x15_crooked], layout_loops_ring,
          nicolae_snake_entry_squirm, uniq_amaemon, uniq_fannar
Lair:3:   layout_concentric_octagons, nicolae_swamp_entry_splash_gauntlet,
          st_stairs_4
Lair:4:   minmay_lair_oklob_tunnel, layout_small_grid, grunt_megastairs_5
Lair:5:   minmay_lair_end_enchanted_forest, layout_cave_pods, slime_entry_1,
          lemuel_fruit_tree, uniq_snorg
Swamp:1:  layout_basic_swamp, evilmike_swamp_ruin_house_5,
          nicolae_swamp_tree_isthmus
Swamp:2:  layout_basic_swamp, ebering_ghost_rock_garden,
          evilmike_swamp_ruin_rubble_1
Swamp:3:  nicolae_swamp_ascending_descending_big, layout_basic_swamp,
          serial_swamp_ruin, evilmike_swamp_ruin_house_4,
          hangedman_swamp_ruin_hall
Swamp:4:  swamp_basic_johnstein, layout_basic_swamp, swamp_pool_5, uniq_aizul
Snake:1:  layout_misc_corridors, drop_trap, serial_bayou_shore_a, uniq_louise
Snake:2:  layout_misc_corridors, minmay_shoptagon
Snake:3:  layout_chambers, basic_altar, abandoned_shop, serial_nicolae_subway,
          nicolae_sub_station_stone, nicolae_sub_station_metal,
          nicolae_sub_station_crystal, nicolae_triple_integral
Snake:4:  snake_pit, layout_concentric_octagons, serial_bayou_pond_a,
          minmay_shop_star
Orc:1:    dreamdust_dug_too_deep, layout_caves, serial_shops,
          nicolae_shop_bloodbath_and_beyond
Orc:2:    st_orc_mages, layout_diamond_mine, serial_shops,
          nicolae_shop_just_a_little_nook, gauntlet_entry_generic, uniq_urug
Elf:1:    eino_elf_arrival_shootout, layout_geoelf_diagonals,
          minmay_elf_demonology
Elf:2:    nicolae_elf_blades_crystal_corner, layout_gridlike, serial_shops,
          nicolae_shop_dealshenge, nicolae_shop_real_fake_doors,
          corexii_leaking_fountain, uniq_norris
Elf:3:    grunt_elf_hall_spiral, layout_onion_city, lemuel_statue_altar,
          drop_trap
Vaults:1: vaults_mumra_bighexcomb, nicolae_vaults_circle_grid_a,
          vaults_dpeg_hooks, nicolae_vaults_two_Ls,
          nicolae_vaults_trapezoid_layered, nicolae_vaults_hallways_thing,
          ontoclasm_vaults_shuriken, v_misc_5, nicolae_vaults_tangram_1,
          vaults_room_semicircle, nicolae_vaults_ninety_degrees,
          nicolae_vaults_house_2, vaults_standard_mumra_lines, v_pattern_3,
          nicolae_vaults_diamond_1, v_misc_18, layout_vaults_omnibox
Vaults:2: vaults_dpeg_emergency_exit, v_misc_13, v_misc_23,
          nicolae_vaults_six-pack, vaults_dpeg_ring,
          minmay_crypt_entry_necro_gods, v_pattern_1,
          vaults_room_stairs_pillars, layout_vaults_omnigrid, serial_shops,
          nicolae_square_shop, shop, nicolae_shop_getting_attention,
          nicolae_shop_crystal, nicolae_square_shop, uniq_boris
Vaults:3: nicolae_vaults_enemy_cabinets, grunt_vaults_focal,
          nicolae_vaults_mitosis, nicolae_vaults_more_shelving_1, v_misc_8,
          nicolae_vaults_diagonal_hallway_8, layout_vaults_chaotic_city,
          serial_shops, shop, uniq_zenata
Vaults:4: mu_enter_wizlab_5, nicolae_vaults_spaceships,
          nicolae_vaults_tetromino_L_1, v_misc_4, nicolae_vaults_diamond_1,
          ontoclasm_vaults_ring_small, nicolae_vaults_sesquioval_fish, v_misc_9,
          nicolae_vaults_tetromino_T_2, gargoyle_guard, hangedman_vaults_maws,
          nicolae_vaults_door_testing_chamber, vaults_room_stairs_pillars,
          layout_vaults_omnicross, serial_shops, shop
Depths:1: layout_basic, hangedman_coc_ice_floe, rand_demon_pan_entry_1,
          cheibrodos_ashenzari_chains, serial_shops,
          nicolae_shop_window_shopping, item_on_display_a, serial_bayou_shore_b,
          minmay_shop_grove, serial_bayou_shore_b
Depths:2: cheibrodos_lost_city_excavation, layout_gridlike, pan_entry,
          hell_entry, minmay_room_of_horrors, fedhas_altar_4, dk_noncrumbling_3,
          nzn_life_drinkers, infiniplex_staircase_zigzag_5
Depths:3: minmay_bloctagon_deflated, layout_cave_pools, pf_hell_entry_tar_river,
          abyss_entry_glasseish, firewood_loft,
          infiniplex_staircase_split_hallway
Depths:4: grunt_crosshair, layout_basic, enter_ziggurat_f, grunt_mini_vestibule,
          hex_medium, abyss_entry, grunt_ministairs_9, minmay_st_funbox,
          yredelemnul_altar_generic
Zot:1:    layout_misc_corridors
Zot:2:    hangedman_snap_crack_crunch, layout_onion_interference,
          regret_index_zotdec_under_construction, hangedman_zot_decor_slant,
          regret_index_zotdec_ceiling_fans, zot_minivault_5
Zot:3:    layout_onion, regret_index_zotdec_abyssal_contain_seething_sorcery
Zot:4:    layout_onion
Zot:5:    layout_gridlike

Skill      XL: |  1  2  3  4  5  6  7  8  9 10 11 12 13 14 15 16 17 18 19 20 21 22 23 24 25 26 27 |
---------------+----------------------------------------------------------------------------------+-----
Short Blades   | 3 4 5 6 7 8 10 13 14 | 14.0
Spellcasting   | 4 6 8 |  8.0
Hexes          | 6 10 12 13 16 18 19 20 | 20.0
Invocations    | 7 8 12 16 | 16.0
Fighting       | 3 8 10 11 16 17 | 17.9
Armour         | 3 6 12 | 12.0
Dodging        | 4 8 10 12 15 16 18 | 18.0
Translocations | 6 |  6.0
Shields        | 7 8 12 | 12.0
Stealth        | 12 16 | 16.0
Earth Magic    | 5 6 |  6.0
Alchemy        | 3 6 |  6.0
Long Blades    | 9 13 | 13.5
Conjurations   | |  3.0

Action                     |  1- 3 |  4- 6 |  7- 9 | 10-12 | 13-15 | 16-18 | 19-21 | 22-24 | 25-27 || total
---------------------------+-------+-------+-------+-------+-------+-------+-------+-------+-------++-------
  Melee: Short sword       |   125 |   255 |   511 |   333 |  1524 |  2284 |  2387 |   731 |   757 ||  8907
         Bite              |    28 |    63 |   217 |   261 |   736 |  1042 |  1300 |  1141 |   907 ||  5695
         Punch             |       |     3 |     7 |     5 |       |     8 |       |       |       ||    23
         Rapier            |       |       |    87 |   384 |       |       |       |       |       ||   471
         Dagger            |       |       |       |       |       |    17 |       |       |       ||    17
         Double sword      |       |       |       |       |       |       |    36 |  1354 |   821 ||  2211
  Throw: Dart              |       |     2 |     2 |       |       |       |       |       |       ||     4
   Cast: Kiss of Death     |       |     1 |     1 |       |       |       |       |       |       ||     2
         Jinxbite          |       |       |     6 |   125 |   228 |   264 |    54 |    15 |       ||   692
         Yara's Violent Un |       |       |       |       |       |       |    11 |    16 |       ||    27
         Enfeeble          |       |       |       |       |       |       |    63 |   151 |   229 ||   443
         Passwall          |       |       |       |       |       |       |       |     5 |     4 ||     9
         Apportation       |       |       |       |       |       |       |       |       |     1 ||     1
 Invoke: Heal Other        |       |       |       |       |     1 |       |       |       |       ||     1
         Heal Self         |       |       |       |       |     1 |     4 |     7 |     5 |    10 ||    27
         Purification      |       |       |       |       |     1 |       |       |     1 |     1 ||     3
         Divine Vigour     |       |       |       |       |       |     2 |     1 |       |     1 ||     4
  Evoke: Wand              |       |       |       |       |     5 |     7 |       |       |     5 ||    17
    Use: Scroll            |     4 |     2 |     7 |     7 |    13 |    16 |    20 |    10 |    16 ||    95
         Potion            |       |     1 |     2 |     1 |     1 |     6 |     1 |     6 |    11 ||    29
   Stab: Invisible         |       |     1 |       |       |       |       |    49 |   172 |   221 ||   443
         Paralysed         |       |       |       |       |     6 |       |       |       |       ||     6
         Sleeping          |       |       |       |       |     1 |    27 |    44 |    28 |    10 ||   110
         Distracted        |       |       |       |       |     1 |     3 |     8 |    17 |     5 ||    34
         Confused          |       |       |       |       |       |     1 |     1 |       |       ||     2
 Armour: Leather armour    |    17 |       |       |       |       |       |       |       |       ||    17
         Ring mail         |    50 |    27 |   217 |   275 |   698 |   760 |   742 |   205 |       ||  2974
         Scale mail        |       |    98 |       |       |       |       |       |       |       ||    98
         Crystal plate arm |       |       |       |     8 |       |       |       |       |       ||     8
         Plate armour      |       |       |       |       |       |     3 |       |       |       ||     3
         Quicksilver drago |       |       |       |       |       |       |       |   498 |   990 ||  1488
  Dodge: Dodged            |    65 |   106 |   337 |   455 |  1163 |  1708 |  1340 |  1345 |  1535 ||  8054
  Block: Other             |       |       |   102 |    52 |       |    53 |       |       |       ||   207
         Reflection        |       |       |     1 |     1 |       |       |       |       |       ||     2
         Buckler           |       |       |       |       |       |   132 |  1186 |  1146 |   803 ||  3267

Table legend: (Time is in decaauts)
 A = Elapsed time spent in this place.
 B = Non-inter-level travel time spent in this place.
 C = Inter-level travel time spent in this place.
 D = Time resting spent in this place.
 E = Time spent auto-exploring this place.
 F = Levels seen in this place.
 G = Mean time per level.
                   A        B        C        D        E       F      G
               +--------+--------+--------+--------+--------+-----+--------+
         Total |  63813 |  59632 |   4181 |   8147 |  24586 |  55 | 1160.2 |
       Dungeon |  13323 |  12273 |   1050 |    676 |   7509 |  15 |  888.2 |
        Temple |     65 |      5 |     60 |      0 |      0 |   1 |   65.0 |
          Lair |   6702 |   5811 |    891 |    272 |   3482 |   5 | 1340.4 |
         Swamp |   3446 |   3245 |    201 |    256 |   1400 |   4 |  861.5 |
     Snake Pit |   4524 |   4256 |    268 |    305 |   2089 |   4 | 1131.0 |
  Orcish Mines |   2906 |   2662 |    244 |    479 |    946 |   2 | 1453.0 |
   Elven Halls |   5667 |   5510 |    157 |   1458 |   1543 |   3 | 1889.0 |
        Vaults |   6205 |   5842 |    363 |    333 |   2695 |   4 | 1551.2 |
        Depths |   6803 |   6338 |    465 |   1361 |   2137 |   4 | 1700.8 |
           Zot |   8599 |   8119 |    480 |   2232 |   2116 |   5 | 1719.8 |
         Abyss |   3265 |   3265 |      0 |    540 |     92 |   5 |  653.0 |
      Ice Cave |    734 |    734 |      0 |      6 |    316 |   1 |  734.0 |
        Wizlab |   1100 |   1100 |      0 |    195 |     47 |   1 | 1100.0 |
      Gauntlet |    469 |    469 |      0 |     31 |    212 |   1 |  469.0 |
               +--------+--------+--------+--------+--------+-----+--------+

Top non-repeatable levels by time:
   Elf:2: 3343 daAuts
   Zot:2: 2342 daAuts
Depths:4: 2339 daAuts
Depths:2: 2103 daAuts
   Zot:5: 2075 daAuts
Vaults:4: 1827 daAuts
 Abyss:2: 1735 daAuts
Vaults:1: 1718 daAuts
 Snake:4: 1708 daAuts
  Lair:2: 1681 daAuts
   Orc:1: 1612 daAuts
   Zot:3: 1557 daAuts
     D:3: 1508 daAuts
 Snake:3: 1472 daAuts
  Lair:3: 1445 daAuts
